 Dungeon Crawl Stone Soup version 0.29-a0-409-gd843f3a48c (webtiles) character file.

Game seed: 2190422315325049087

60 croobank the Thaumaturge (level 4, -2/34 HPs)
             Began as a Gnoll Wanderer on May 15, 2022.
             Slain by a worm (9 damage)
             ... on level 3 of the Dungeon.
             The game lasted 00:07:20 (2527 turns).

croobank the Thaumaturge (Gnoll Wanderer)           Turns: 2527, Time: 00:07:21

Health: -2/34      AC:  7    Str: 16    XL:     4   Next: 4%
Magic:  15/15      EV:  5    Int: 13    God:
Gold:   116        SH:  9    Dex:  7    Spells: 17/21 levels left

rFire   . . .      SeeInvis .   e - +0 short sword
rCold   . . .      Faith    .   j - +0 tower shield
rNeg    . . .      Spirit   .   b - +0 scale mail
rPois   .          Reflect  .   (no helmet)
rElec   .          Harm     .   (no cloak)
rCorr   .          Rampage  .   (no gloves)
Will    .....                   (no boots)
Stlth   ..........              (no amulet)
HPRegen 0.11/turn               r - ring of flight
MPRegen 0.14/turn               (no ring)

@: flying
A: fangs 1, strong nose, distributed training
a: no special abilities


You were on level 3 of the Dungeon.
You visited 1 branch of the dungeon, and saw 3 of its levels.

You collected 116 gold pieces.

Inventory:

Hand Weapons
 a - a +0 club
 e - a +0 short sword (weapon)
Missiles
 g - 96 stones
 u - 2 poisoned darts
Armour
 b - a +0 scale mail (worn)
 h - a +0 leather armour
 i - a +0 ring mail
 j - a +0 tower shield (worn)
Jewellery
 r - a ring of flight (left hand)
 y - a +4 ring of protection
Wands
 d - a wand of paralysis (11)
 w - a wand of iceblast (5)
Scrolls
 m - a scroll of magic mapping
 p - a scroll of brand weapon {unknown}
 x - a scroll of identify
Potions
 c - 2 potions of might
 f - a potion of heal wounds
 k - a potion of attraction {unknown}
 l - a potion of cancellation {unknown}
 n - 4 potions of curing {unknown}
 o - a potion of haste {unknown}
 q - 2 potions of ambrosia {unknown}
 s - a potion of resistance {unknown}
 t - 2 potions of brilliance {unknown}
 v - a potion of degeneration {unknown}


   Skills:
 + Level 2.7 Fighting
 + Level 1.0 Short Blades
 + Level 1.0 Long Blades
 + Level 1.0 Axes
 + Level 1.0 Maces & Flails
 + Level 1.0 Polearms
 + Level 1.0 Staves
 + Level 1.0 Slings
 + Level 1.0 Bows
 + Level 1.0 Crossbows
 + Level 1.0 Throwing
 + Level 4.6 Armour
 + Level 1.0 Dodging
 + Level 1.0 Stealth
 + Level 1.0 Shields
 + Level 1.0 Unarmed Combat
 + Level 9.3 Spellcasting
 + Level 0.7 Conjurations
 + Level 0.7 Hexes
 + Level 0.7 Summonings
 + Level 0.7 Necromancy
 + Level 0.7 Translocations
 + Level 0.7 Transmutations
 + Level 0.7 Fire Magic
 + Level 0.7 Ice Magic
 + Level 0.7 Air Magic
 + Level 0.7 Earth Magic
 + Level 0.7 Poison Magic
 + Level 1.1 Invocations
 + Level 6.5 Evocations


You had 17 spell levels left.
You knew the following spells:

 Your Spells              Type           Power      Damage    Failure   Level
a - Sting                 Tmut/Pois      32%        1d4       99%         1
b - Spider Form           Tmut/Pois      8%         N/A       100%        3

Your spell library contained the following spells:

 Spells                   Type           Power      Damage    Failure   Level


Dungeon Overview and Level Annotations

Branches:
Dungeon (3/15)

Altars:


Innate Abilities, Weirdness & Mutations

You have very sharp teeth.
Your uncanny sense of smell can sniff out nearby items.
Your experience applies equally to all skills.


Message History

The kobold hits you but does no damage.
You completely miss the kobold.
The kobold is moderately wounded.
You block the kobold's attack.
You hit the kobold but do no damage.
The kobold is moderately wounded.
The kobold hits you but does no damage. x2
You closely miss the kobold.
The kobold is moderately wounded.
You block the kobold's attack.
You barely miss the kobold.
The kobold is moderately wounded.
The kobold hits you but does no damage. x2
You hit the kobold but do no damage. Your bite misses the kobold.
The kobold is moderately wounded.
The kobold hits you but does no damage.
You barely miss the kobold.
The kobold is moderately wounded.
The kobold barely misses you. x2
Your magical contamination has completely faded away.
You hit the kobold but do no damage.
The kobold is moderately wounded.
The kobold hits you with a +0 short sword.
You hit the kobold but do no damage.
The kobold is moderately wounded.
The kobold hits you with a +0 short sword.
You block the kobold's attack.
You hit the kobold.
You kill the kobold!
You hit the worm but do no damage. The worm bites you!
You hit the worm.
The worm is lightly wounded.
You hit the worm.
The worm is moderately wounded.
The worm bites you.
* * * LOW HITPOINT WARNING * * *
You hit the worm.
The worm is heavily wounded.
The worm bites you!
You die...

#.# ##.. #.. ... #
#.###.######.#
#.#..........#
#.#.#.........
#.#.#........#
#.#.#w######..
#.#@#.#######
##############.#w#........
....................K.....
#######..##.##.#.####.###.
############ .# #


You could see a worm.

Vanquished Creatures
  An adder (D:2)
  A worm (D:2)
  2 bats (D:2)
  An endoplasm (D:2)
  7 giant cockroaches
  A goblin (D:1)
  6 hobgoblins
  4 jackals (D:1)
  3 kobolds
  A quokka (D:1)
  9 ball pythons
  3 frilled lizards
  3 rats
42 creatures vanquished.

Notes
Turn   | Place    | Note
-------+----------+-------------------------------------------
     0 | D:1      | Reached skill level 9 in Spellcasting
     0 | D:1      | croobank the Gnoll Wanderer began the quest for the Orb.
     0 | D:1      | croobank set off with the following items: a +0 club, a +0
                  | scale mail, a potion of might, a wand of paralysis (11);
                  | and the following spell memorised: Sting; and the following
                  | spells available to memorise: Spider Form
     0 | D:1      | Reached XP level 1. HP: 17/17 MP: 10/10
   296 | D:1      | Reached XP level 2. HP: 20/23 MP: 12/12
  1327 | D:1      | Reached XP level 3. HP: 27/28 MP: 13/13
  1664 | D:2      | Learned a level 3 spell: Spider Form
  1720 | D:2      | Reached skill level 1 in Invocations
  1889 | D:2      | Reached skill level 1 in Short Blades
  1889 | D:2      | Reached skill level 1 in Long Blades
  1889 | D:2      | Reached skill level 1 in Axes
  1889 | D:2      | Reached skill level 1 in Maces & Flails
  1889 | D:2      | Reached skill level 1 in Polearms
  1889 | D:2      | Reached skill level 1 in Staves
  1889 | D:2      | Reached skill level 1 in Slings
  1889 | D:2      | Reached skill level 1 in Bows
  1889 | D:2      | Reached skill level 1 in Crossbows
  1889 | D:2      | Reached skill level 1 in Throwing
  1889 | D:2      | Reached skill level 1 in Dodging
  1889 | D:2      | Reached skill level 1 in Stealth
  1889 | D:2      | Reached skill level 1 in Shields
  1889 | D:2      | Reached skill level 1 in Unarmed Combat
  2011 | D:2      | Found a faded altar of an unknown god.
  2499 | D:3      | Reached XP level 4. HP: 14/34 MP: 15/15
  2527 | D:3      | Slain by a worm

Illustrated notes

Levels and vault maps discovered:
D:1:      minmay_arrival_jagged, layout_loops_ring, minmay_hedge_maze,
          chequers_serial_rivers_micro_d, minmay_quantized
D:2:      kennysheep_big_flooded_room, layout_rooms,
          hellmonk_ecumenical_altar_heavens_door, minmay_worlds_worst_comb
D:3:      layout_basic, nicolae_overflow_hidden_temple

Skill      XL: |  1  2  3 |
---------------+----------+-----
Spellcasting   | |  9.3
Invocations    | 1 |  1.1
Short Blades   | 1 |  1.0
Long Blades    | 1 |  1.0
Axes           | 1 |  1.0
Maces & Flails | 1 |  1.0
Polearms       | 1 |  1.0
Staves         | 1 |  1.0
Slings         | 1 |  1.0
Bows           | 1 |  1.0
Crossbows      | 1 |  1.0
Throwing       | 1 |  1.0
Dodging        | 1 |  1.0
Stealth        | 1 |  1.0
Shields        | 1 |  1.0
Unarmed Combat | 1 |  1.0
Fighting       | |  2.7
Armour         | |  4.6
Conjurations   | |  0.7
Hexes          | |  0.7
Summonings     | |  0.7
Necromancy     | |  0.7
Translocations | |  0.7
Transmutations | |  0.7
Fire Magic     | |  0.7
Ice Magic      | |  0.7
Air Magic      | |  0.7
Earth Magic    | |  0.7
Poison Magic   | |  0.7
Evocations     | |  6.5

Action                   |  1- 3 |  4- 6 || total
-------------------------+-------+-------++-------
Melee: Club              |    37 |       ||    37
       Bite              |    21 |     1 ||    22
       Short sword       |   188 |    23 ||   211
       Punch             |     1 |       ||     1
 Cast: Sting             |     3 |       ||     3
  Use: Scroll            |     7 |       ||     7
       Potion            |     1 |     1 ||     2
Armor: Scale mail        |   121 |    10 ||   131
Dodge: Dodged            |   102 |     7 ||   109
Block: Tower shield      |    15 |     7 ||    22

Table legend: (Time is in decaauts)
 A = Elapsed time spent in this place.
 B = Non-inter-level travel time spent in this place.
 C = Inter-level travel time spent in this place.
 D = Time resting spent in this place.
 E = Time spent auto-exploring this place.
 F = Levels seen in this place.
 G = Mean time per level.
                   A        B        C        D        E       F      G
               +--------+--------+--------+--------+--------+-----+--------+
         Total |   2567 |   2379 |    188 |    178 |   1667 |   3 |  855.7 |
       Dungeon |   2567 |   2379 |    188 |    178 |   1667 |   3 |  855.7 |
               +--------+--------+--------+--------+--------+-----+--------+

Top non-repeatable levels by time:
     D:1: 1497 daAuts
     D:2: 666 daAuts
     D:3: 403 daAuts
